cohdb
Replays
Latest Replays
All Replays
Popular Replays
Top Player Replays
Match Explorer
How It Works
Community
CoH3 Stats
Reddit
Sign in to upload your games and track your stats! →
Sign in with Steam
Match 42955661
Unlisted
Match 42955661
Overview
Messages
Build Orders
End
Pioneer Squad
Construct Infanterie Kompanie
Selects Italian Coastal Battlegroup
Selects Coastal Reserves
Grenadier Squad
Grenadier Squad
Construct Panzergrenadier Kompanie
Selects Artillery Officer
Artillery Officer
Panzergrenadier Squad
Medical Bunker
Support Elements
StuG III G Assault Gun
Selects Designate Defensive Line
Selects Rapid Fortifications
StuG III G Assault Gun
Selects Bulwark
Artillery Officer
Rapid Fortifications
MG 42 Bunker
Panzergrenadier Squad
Side Skirts
Nebelwerfer 42 Rocket Launcher Team
Starman
MZMZ
jerjawe
MatioS
Zbirga
lost a panther
0
0
Comments
sign in to comment!
No comments posted yet!